 Dungeon Crawl Stone Soup version 0.20.1-1-g8b1a95d (webtiles) character file.

2797 Gremour the Carver (level 9, -6/63 HPs)
             Began as a Demonspawn Fighter on Nov 28, 2017.
             Was a Believer of Qazlal.
             Mangled by an orc warrior
             ... wielding a +0 short sword
              (15 damage)
             ... on level 7 of the Dungeon.
             The game lasted 00:30:36 (6622 turns).

Gremour the Carver (Demonspawn Fighter)             Turns: 6622, Time: 00:30:41

Health: -6/63      AC:  6    Str: 17    XL:     9   Next: 43%
Magic:  0/9        EV: 11    Int:  8    God:    Qazlal [**....]
Gold:   451        SH: 13    Dex: 22    Spells: 8/8 levels left

rFire    . . .     SeeInvis .   a - +0 long sword
rCold    + . .     Gourm    .   c - +1 shield
rNeg     . . .     Faith    .   w - +2 leather armour {rC+}
rPois    .         Spirit   +   (no helmet)
rElec    .         Reflect  .   (no cloak)
rCorr    .         Harm     .   (no gloves)
MR       .....                  e - +0 pair of boots
Stlth    +++.......             v - amulet of magic regeneration
Regen    0.2/turn               g - +3 ring of evasion
MPRegen  0.2/turn               G - +3 ring of dexterity

@: no status effects
A: hooves 2, thin skeletal structure 1, agile 1, dopey 1, high mp 1,
nightstalker 1, magic shield, MP-powered wands
a: Upheaval, Renounce Religion


You were on level 7 of the Dungeon.
You worshipped Qazlal.
Qazlal was pleased with you.
You were not hungry.

You visited 1 branch of the dungeon, and saw 7 of its levels.

You collected 451 gold pieces.

Inventory:

Hand Weapons
 a - a +0 long sword (weapon)
Missiles
 h - 10 tomahawks (quivered)
Armour
 c - a +1 shield (worn)
 e - a +0 pair of boots (worn)
 w - a +2 leather armour of cold resistance (worn)
Jewellery
 g - a +3 ring of evasion (left hand)
 t - an uncursed ring of protection from fire
 u - an uncursed ring of wizardry
 v - an amulet of magic regeneration (around neck)
 G - a +3 ring of dexterity (right hand)
Wands
 k - a wand of flame (18/48)
 r - a wand of flame (33/48)
 D - a wand of digging (18/24)
 E - a wand of disintegration (18/24)
 F - a wand of flame (32/48)
Scrolls
 l - 2 scrolls of enchant armour
 o - a scroll of teleportation
 q - 8 scrolls of identify
 x - a scroll of fog {unknown}
 y - a scroll of silence {unknown}
 z - 2 scrolls of amnesia {unknown}
 B - a scroll of enchant weapon {unknown}
 C - a scroll of remove curse
Potions
 d - a potion of might
 i - a potion of resistance {unknown}
 m - a potion of agility {unknown}
 n - a potion of curing
Comestibles
 f - 6 bread rations
 j - 6 meat rations
 s - 2 royal jellies


   Skills:
 - Level 3.0 Fighting
 + Level 11.8 Long Blades
 - Level 2.6 Armour
 - Level 2.6 Shields


You had 8 spell levels left.
You didn't know any spells.

Dungeon Overview and Level Annotations

Branches:
Dungeon (7/15)
 Temple: D:4-7

Altars:
Elyvilon
Nemelex Xobeh
Okawaru
Qazlal
Trog
Uskayaw
Xom
Zin


Innate Abilities, Weirdness & Mutations

You have hoof-like feet.
You have a somewhat thin skeletal structure. (Dex +2, Stealth)
You are slightly more attuned to the shadows.
When hurt, damage is shared between your health and your magic reserves.
You are agile. (Dex +2)
You are dopey. (Int -2)
You have an increased reservoir of magic. (+10% MP)
You expend magic power (3 MP) to strengthen your wands.


Message History

You barely miss the orc warrior. You block the orc warrior's attack.
Your shield prevents you from hitting the orc warrior.
The orc warrior completely misses you.
You hit the orc warrior.
The orc warrior is lightly wounded.
The orc warrior hits you with a short sword!
* * * LOW HITPOINT WARNING * * *
You hit the orc warrior.
The orc warrior is moderately wounded.
You block the orc warrior's attack.
You slash the orc warrior!
The orc warrior is severely wounded.
You block the orc warrior's attack.
It was a potion of mutation.
You feel extremely strange.
You feel less resistant to poisons.
Your magic regains its normal vibrancy.
You feel stronger.
You feel slightly disoriented.
You feel stupid.
You feel your magical essence link to your wands.
You feel stupid.
You feel more energetic.
You feel agile.
The orc warrior hits you with a short sword!
You die...

# , #........#
...(.... # *
#......#.###.##....,
#* ,
#..................
# ,
#.....^......(.....
# ,* ,
#..................
# * * ,
#......##..#.##....
# * #####.####.#.#
... # * #########†#
#...# , # ,
.....oo@..# *##..# ,
, # ######..)#####
#..# # ,
#.......o+,, , ..>#
# , #.#.##...## *
#,#.#,#.#.......#
#,#.# #.####=...# #
#.# #.#.......#
#.#.#.#.#.#.....# ,
#.#.#.#.#.#.....#


You could see an orc warrior and an orc.

Vanquished Creatures
  The ghost of Thyosulf the Slicer, a novice KoEn of Dithmenos (D:6)
  Joseph (D:7)
  A sky beast (D:7)
  2 centaurs
  3 ogres
  Blork the orc (D:5)
  A bullfrog (D:6)
  2 scorpions (D:4)
  A water moccasin skeleton (D:4)
  6 killer bees (D:7)
  A howler monkey (D:6)
  3 crimson imps
  A jelly (D:6)
  3 orc priests (D:7)
  4 bullfrog skeletons
  A centaur skeleton (D:6)
  3 orc wizards
  3 iguanas
  6 worker ants
  A hound skeleton (D:6)
  6 adders
  A shadow imp (D:5)
  An ooze (D:2)
  An adder skeleton (D:6)
  3 worms (D:2)
  2 dart slugs
  2 leopard geckos
  17 orcs
  2 ball pythons
  11 bats
  2 giant cockroaches
  7 goblins
  7 hobgoblins
  7 jackals (D:1)
  3 quokkas
  5 frilled lizards
  9 kobolds
  9 rats
140 creatures vanquished.

Notes
Turn   | Place    | Note
-------+----------+-------------------------------------------
     0 | D:1      | Gremour the Demonspawn Fighter began the quest for the Orb.
     0 | D:1      | Reached XP level 1. HP: 18/18 MP: 1/1
   102 | D:1      | Reached skill level 2 in Long Blades
   155 | D:1      | Gained mutation: You have a somewhat thin skeletal structure. (Dex +2, Stealth) [demonic ancestry]
   155 | D:1      | Reached XP level 2. HP: 22/24 MP: 2/2
   340 | D:1      | Reached skill level 3 in Long Blades
   512 | D:1      | Reached XP level 3. HP: 29/29 MP: 3/3
  1623 | D:2      | Noticed a moth of wrath
  1626 | D:2      | Found a bloodstained altar of Trog.
  1695 | D:2      | Gained mutation: You are slightly more attuned to the shadows. [demonic ancestry]
  1695 | D:2      | Reached XP level 4. HP: 34/35 MP: 4/4
  1707 | D:2      | Reached skill level 4 in Long Blades
  3114 | D:3      | Found a stormy altar of Qazlal.
  3120 | D:3      | Became a worshipper of Qazlal Stormbringer
  3145 | D:4      | Noticed an ogre
  3163 | D:4      | Gained mutation: You have large cloven feet. [demonic ancestry]
  3163 | D:4      | Reached XP level 5. HP: 29/41 MP: 5/5
  3165 | D:4      | Killed an ogre
  3165 | D:4      | Reached skill level 5 in Long Blades
  3489 | D:4      | Gained mutation: When hurt, damage is shared between your health and your magic reserves. [demonic ancestry]
  3489 | D:4      | Reached XP level 6. HP: 39/47 MP: 6/6
  3570 | D:4      | Reached skill level 6 in Long Blades
  3582 | D:4      | Found a shimmering altar of Xom.
  3586 | D:4      | Found an iron altar of Okawaru.
  3588 | D:4      | Found a faded altar of an unknown god.
  3589 | D:4      | Found a faded altar of an unknown god.
  3595 | D:4      | Found a hide-covered altar of Uskayaw.
  4371 | D:4      | Found a glowing silver altar of Zin.
  4696 | D:5      | Entered Level 5 of the Dungeon
  4777 | D:5      | Reached skill level 7 in Long Blades
  4777 | D:5      | Reached XP level 7. HP: 50/52 MP: 7/7
  4824 | D:5      | Found a white marble altar of Elyvilon.
  4833 | D:5      | Noticed Blork the orc
  4852 | D:5      | Killed Blork the orc
  4862 | D:5      | Found a sparkling altar of Nemelex Xobeh.
  4890 | D:5      | Found a bloodstained altar of Trog.
  4961 | D:5      | Reached * piety under Qazlal
  5008 | D:5      | Reached skill level 8 in Long Blades
  5127 | D:6      | Noticed Thyosulf's ghost (novice KoEn)
  5215 | D:6      | Killed Thyosulf's ghost
  5215 | D:6      | Reached skill level 10 in Long Blades
  5215 | D:6      | Gained mutation: You have hoof-like feet. [demonic ancestry]
  5215 | D:6      | Reached XP level 8. HP: 58/58 MP: 6/8
  6054 | D:7      | Reached XP level 9. HP: 57/63 MP: 7/9
  6058 | D:7      | Gained mutation: Your mind is acute. (Int +2) [mutagenic meat]
  6059 | D:7      | Gained mutation: You passively map a small area around you. [mutagenic meat]
  6060 | D:7      | Gained mutation: Your system is resistant to poisons. (rPois) [mutagenic meat]
  6061 | D:7      | Gained mutation: Your spells are a little easier to cast, but a little less powerful. [mutagenic meat]
  6062 | D:7      | Gained mutation: You are weak. (Str -2) [mutagenic meat]
  6161 | D:7      | Noticed Joseph
  6184 | D:7      | Reached skill level 11 in Long Blades
  6450 | D:7      | Killed Joseph
  6534 | D:7      | Reached ** piety under Qazlal
  6622 | D:7      | Lost mutation: Your system is resistant to poisons. (rPois) [potion of mutation]
  6622 | D:7      | Lost mutation: Your spells are a little easier to cast, but a little less powerful. [potion of mutation]
  6622 | D:7      | Lost mutation: You are weak. (Str -2) [potion of mutation]
  6622 | D:7      | Lost mutation: You passively map a small area around you. [potion of mutation]
  6622 | D:7      | Lost mutation: Your mind is acute. (Int +2) [potion of mutation]
  6622 | D:7      | Gained mutation: You expend magic power (3 MP) to strengthen your wands. [potion of mutation]
  6622 | D:7      | Gained mutation: You are dopey. (Int -2) [potion of mutation]
  6622 | D:7      | Gained mutation: You have an increased reservoir of magic. (+10% MP) [potion of mutation]
  6622 | D:7      | Gained mutation: You are agile. (Dex +2) [potion of mutation]
  6622 | D:7      | Mangled by an orc warrior

Skill      XL: |  1  2  3  4  5  6  7  8  9 |
---------------+----------------------------+-----
Long Blades    | 2 3 4 5 7 10 11 | 11.8
Fighting       | |  3.0
Armour         | |  2.6
Shields        | |  2.6

Action                   |  1- 3 |  4- 6 |  7- 9 || total
-------------------------+-------+-------+-------++-------
Melee: Long sword        |   131 |   181 |   326 ||   638
       Kick              |       |    35 |    33 ||    68
  Use: Scroll            |       |     6 |       ||     6
       Potion            |       |     2 |    12 ||    14
  Eat: Chunk             |     3 |     7 |     8 ||    18
       Meat ration       |       |     1 |       ||     1
       Fruit             |       |     1 |       ||     1
Armor: Scale mail        |    45 |    44 |    92 ||   181
       Skin              |       |       |    15 ||    15
       Leather armour    |       |       |    10 ||    10
Dodge: Dodged            |    44 |    84 |    89 ||   217
Block: Shield            |    68 |    88 |   173 ||   329
       Rpst.: Long sword |    11 |    30 |    31 ||    72
